TOP OF THE 1ST |
Richmond Flairs batting - Pitching for Indiana Hounds : LHP Tatsui Tanaka
|
Pitching: LHP Tatsui Tanaka
|
|
Batting: RHB Javier Rentería
|
0-0: Called Strike 0-1: Ball 1-1: Ball 2-1: Fly out, F9 (Flyball, 3D)
|
Batting: RHB Alberto Hernández
|
0-0: Called Strike 0-1: Ball 1-1: Foul Ball, location: 2F 1-2: Strikes out swinging
|
Batting: LHB Roberto García
|
0-0: Ball 1-0: Ball 2-0: Called Strike 2-1: Ground out 1-3 (Groundball, 13S)
|
Top of the 1st over - 0 run(s), 0 hit(s), 0 error(s), 0 left on base; Richmond 0 - Indiana 0 |
BOTTOM OF THE 1ST |
Indiana Hounds batting - Pitching for Richmond Flairs : RHP Sandro Gonzáles
|
Pitching: RHP Sandro Gonzáles
|
|
Batting: LHB David Cháves
|
0-0: Ball 1-0: Ground out 4-3 (Groundball, 4D)
|
Batting: SHB Charles Alexander
|
0-0: Ball 1-0: Ball 2-0: Ball 3-0: Called Strike 3-1: Called Strike 3-2: SINGLE (Groundball, 3D)
|
Batting: RHB Danny Walker
|
0-0: Called Strike 0-1: Ball 1-1: Called Strike 1-2: Ball 2-2: Foul Ball, location: 2F 2-2: Strikes out swinging
|
Batting: LHB Ramón Benítez
|
0-0: Ball 1-0: Ball 2-0: Called Strike 2-1: Swinging Strike 2-2: Ground out 4-3 (Groundball, 34)
|
Bottom of the 1st over - 0 run(s), 1 hit(s), 0 error(s), 1 left on base; Richmond 0 - Indiana 0 |
TOP OF THE 2ND |
Richmond Flairs batting - Pitching for Indiana Hounds : LHP Tatsui Tanaka
|
Batting: RHB R.J. Crosby
|
0-0: Ball 1-0: Ground out 6-3 (Groundball, 6)
|
Batting: LHB Luis Villa
|
0-0: Ball 1-0: Foul Ball, location: 2F 1-1: Ball 2-1: Ball 3-1: Called Strike 3-2: Foul Ball, location: 2F 3-2: SINGLE (Line Drive, 89S)
|
Batting: RHB Gary Thomas
|
0-0: Called Strike 0-1: Foul Ball, location: 2F 0-2: Ball 1-2: Fly out, F7 (Flyball, 7LSF)
|
Batting: SHB Carlos Reyes
|
0-0: Fly out, F9 (Flyball, 89S)
|
Top of the 2nd over - 0 run(s), 1 hit(s), 0 error(s), 1 left on base; Richmond 0 - Indiana 0 |
BOTTOM OF THE 2ND |
Indiana Hounds batting - Pitching for Richmond Flairs : RHP Sandro Gonzáles
|
Batting: LHB Dave Helásquez
|
0-0: Fly out, F9 (Flyball, 9)
|
Batting: RHB Domingo Romero
|
0-0: Ball 1-0: Ball 2-0: Swinging Strike 2-1: Swinging Strike 2-2: Strikes out swinging
|
Batting: LHB Denny Poole
|
0-0: Ball 1-0: Ball 2-0: Ball 3-0: Swinging Strike 3-1: Called Strike 3-2: Foul Ball, location: 2F 3-2: Base on Balls
|
Batting: LHB Dave Watson
|
0-0: Ball 1-0: Foul Ball, location: 2F 1-1: Foul Ball, location: 2F 1-2: Foul Ball, location: 2F 1-2: Ball Wild Pitch! Denny Poole to second 2-2: Foul Ball, location: 2F 2-2: Ground out 4-3 (Groundball, 4)
|
Bottom of the 2nd over - 0 run(s), 0 hit(s), 0 error(s), 1 left on base; Richmond 0 - Indiana 0 |
TOP OF THE 3RD |
Richmond Flairs batting - Pitching for Indiana Hounds : LHP Tatsui Tanaka
|
Batting: RHB Freddy Padilla
|
0-0: Called Strike 0-1: Foul Ball, location: 2F 0-2: Ball 1-2: Ball 2-2: Fly out, F8 (Line Drive, 8LD)
|
Batting: RHB Ray Yates
|
0-0: Called Strike 0-1: Fly out, F8 (Line Drive, 8LD)
|
Batting: RHB Javier Rentería
|
0-0: DOUBLE (Line Drive, 7LM)
|
Batting: RHB Alberto Hernández
|
0-0: Ball 1-0: Ball 2-0: Ball 3-0: Base on Balls
|
Batting: LHB Roberto García
|
0-0: 3-RUN HOME RUN (Flyball, 9LD), Distance : 331 ft
|
Batting: RHB R.J. Crosby
|
0-0: Ball 1-0: Swinging Strike 1-1: Ground out 4-3 (Groundball, 4)
|
Top of the 3rd over - 3 run(s), 2 hit(s), 0 error(s), 0 left on base; Richmond 3 - Indiana 0 |
BOTTOM OF THE 3RD |
Indiana Hounds batting - Pitching for Richmond Flairs : RHP Sandro Gonzáles
|
Batting: RHB Doug Murray
|
0-0: Swinging Strike 0-1: Ball 1-1: Fly out, F5 (Popup, 5L)
|
Batting: LHB David Cháves
|
0-0: Called Strike 0-1: Ball 1-1: Foul Ball, location: 2F 1-2: Foul Ball, location: 2F 1-2: Foul Ball, location: 2F 1-2: Reached on error, E3 (Groundball, 34)
|
Batting: SHB Charles Alexander
|
0-0: Foul Ball, location: 2F 0-1: Called Strike 0-2: Ball David Cháves is caught stealing 2nd base 1-2: Ball 2-2: Ball 3-2: Fly out, F9 (Flyball, 9)
|
Bottom of the 3rd over - 0 run(s), 0 hit(s), 1 error(s), 0 left on base; Richmond 3 - Indiana 0 |
TOP OF THE 4TH |
Richmond Flairs batting - Pitching for Indiana Hounds : LHP Tatsui Tanaka
|
Batting: LHB Luis Villa
|
0-0: Swinging Strike 0-1: Ball 1-1: Ball 2-1: Called Strike 2-2: DOUBLE (Line Drive, 78XD)
|
Batting: RHB Gary Thomas
|
0-0: Foul Ball, location: 2F 0-1: Called Strike 0-2: Foul Ball, location: 2F 0-2: Strikes out looking
|
Batting: SHB Carlos Reyes
|
0-0: Called Strike 0-1: Fly out, F8 (Line Drive, 8LM)
|
Batting: RHB Freddy Padilla
|
0-0: Ball 1-0: Swinging Strike 1-1: Swinging Strike 1-2: Strikes out looking
|
Top of the 4th over - 0 run(s), 1 hit(s), 0 error(s), 1 left on base; Richmond 3 - Indiana 0 |
BOTTOM OF THE 4TH |
Indiana Hounds batting - Pitching for Richmond Flairs : RHP Sandro Gonzáles
|
Batting: RHB Danny Walker
|
0-0: Ball 1-0: Called Strike 1-1: Ball 2-1: Ground out 1-3 (Groundball, 13)
|
Batting: LHB Ramón Benítez
|
0-0: Foul Ball, location: 2F 0-1: Ground out 6-3 (Groundball, 6M)
|
Batting: LHB Dave Helásquez
|
0-0: Ball 1-0: Called Strike 1-1: SINGLE (Flyball, 89S)
|
Batting: RHB Domingo Romero
|
0-0: Fly out, F9 (Flyball, 9)
|
Bottom of the 4th over - 0 run(s), 1 hit(s), 0 error(s), 1 left on base; Richmond 3 - Indiana 0 |
TOP OF THE 5TH |
Richmond Flairs batting - Pitching for Indiana Hounds : LHP Tatsui Tanaka
|
Batting: RHB Ray Yates
|
0-0: Ball 1-0: Ground out 6-3 (Groundball, 6)
|
Batting: RHB Javier Rentería
|
0-0: SOLO HOME RUN (Line Drive, 7D), Distance : 354 ft
|
Pitching: RHP Ronald Moore
|
|
Batting: RHB Alberto Hernández
|
0-0: SINGLE (Groundball, 6MD)
|
Batting: LHB Roberto García
|
0-0: Ball Alberto Hernández is caught stealing 2nd base 1-0: Ball 2-0: Ball 3-0: Called Strike 3-1: Base on Balls
|
Batting: RHB R.J. Crosby
|
0-0: Called Strike Roberto García steals 2nd base 0-1: Called Strike 0-2: Ball 1-2: Fly out, F9 (Flyball, 9)
|
Top of the 5th over - 1 run(s), 2 hit(s), 0 error(s), 1 left on base; Richmond 4 - Indiana 0 |
BOTTOM OF THE 5TH |
Indiana Hounds batting - Pitching for Richmond Flairs : RHP Sandro Gonzáles
|
Batting: LHB Denny Poole
|
0-0: Called Strike 0-1: Ball 1-1: Foul Ball, location: 2F 1-2: Ball 2-2: Ball 3-2: Base on Balls
|
Batting: LHB Dave Watson
|
0-0: Called Strike 0-1: Ball 1-1: Foul Ball, location: 2F 1-2: Ball 2-2: Ball 3-2: Foul Ball, location: 2F 3-2: SINGLE (Groundball, 5D) Denny Poole to second
|
Batting: RHB Doug Murray
|
0-0: Ball 1-0: Ball 2-0: Called Strike 2-1: Fly out, F6 (Line Drive, 6) Lined into DP, 6-4 (Line Drive, 6)
|
Batting: LHB David Cháves
|
0-0: Swinging Strike 0-1: Fielders Choice at 2nd, 4-6 (Groundball, 34D)
|
Bottom of the 5th over - 0 run(s), 1 hit(s), 0 error(s), 0 left on base; Richmond 4 - Indiana 0 |
TOP OF THE 6TH |
Richmond Flairs batting - Pitching for Indiana Hounds : RHP Ronald Moore
|
Batting: LHB Luis Villa
|
0-0: Ball 1-0: Ball 2-0: Foul Ball, location: 2F 2-1: Foul Ball, location: 2F 2-2: Strikes out swinging
|
Batting: RHB Gary Thomas
|
0-0: Ball 1-0: Foul Ball, location: 2F 1-1: Foul Ball, location: 2F 1-2: Foul Ball, location: 2F 1-2: Ball 2-2: Foul Ball, location: 2F 2-2: Ball 3-2: Ground out 5-3 (Groundball, 5L)
|
Batting: SHB Carlos Reyes
|
0-0: Called Strike 0-1: Called Strike 0-2: Ball 1-2: Ball 2-2: Strikes out swinging
|
Top of the 6th over - 0 run(s), 0 hit(s), 0 error(s), 0 left on base; Richmond 4 - Indiana 0 |
BOTTOM OF THE 6TH |
Indiana Hounds batting - Pitching for Richmond Flairs : RHP Sandro Gonzáles
|
Batting: SHB Charles Alexander
|
0-0: Foul Ball, location: 2F 0-1: Ball 1-1: Called Strike 1-2: Foul Ball, location: 2F 1-2: Ground out 4-3 (Groundball, 4)
|
Batting: RHB Danny Walker
|
0-0: SOLO HOME RUN (Line Drive, 7D), Distance : 350 ft
|
Batting: LHB Ramón Benítez
|
0-0: Ball 1-0: Ball 2-0: Foul Ball, location: 2F 2-1: Swinging Strike 2-2: Ball 3-2: Fly out, F8 (Flyball, 8LD)
|
Batting: LHB Dave Helásquez
|
0-0: Ball 1-0: Swinging Strike 1-1: Ball 2-1: Ground out 1-3 (Groundball, P)
|
Bottom of the 6th over - 1 run(s), 1 hit(s), 0 error(s), 0 left on base; Richmond 4 - Indiana 1 |
TOP OF THE 7TH |
Richmond Flairs batting - Pitching for Indiana Hounds : RHP Ronald Moore
|
Batting: RHB Freddy Padilla
|
0-0: Foul Ball, location: 2F 0-1: Ball 1-1: Ball 2-1: Ball 3-1: Foul Ball, location: 2F 3-2: Foul Ball, location: 2F 3-2: Base on Balls
|
Batting: RHB Ray Yates
|
0-0: Sac Bunt - play at first, batter OUT! 5-3 Freddy Padilla to second
|
Batting: RHB Javier Rentería
|
0-0: Ball 1-0: Ball 2-0: Foul Ball, location: 2F 2-1: SINGLE (Groundball, 34D) Freddy Padilla to third Runner from 3rd tries for Home, SAFE, throw made home Javier Rentería to second
|
Batting: RHB Alberto Hernández
|
0-0: Ball 1-0: Swinging Strike 1-1: Ground out 6-3 (Groundball, 6M) Javier Rentería to third
|
Batting: LHB Roberto García
|
0-0: Called Strike 0-1: Ball 1-1: 2-RUN HOME RUN (Flyball, 9LD), Distance : 315 ft
|
Pitching: RHP Teddy Mathews
|
|
Batting: RHB R.J. Crosby
|
0-0: Ball 1-0: Foul Ball, location: 2F 1-1: Ball 2-1: Foul Ball, location: 2F 2-2: Ball 3-2: Ground out 4-3 (Groundball, 4)
|
Top of the 7th over - 3 run(s), 2 hit(s), 0 error(s), 0 left on base; Richmond 7 - Indiana 1 |
BOTTOM OF THE 7TH |
Indiana Hounds batting - Pitching for Richmond Flairs : RHP Sandro Gonzáles
|
Batting: RHB Domingo Romero
|
0-0: Foul Ball, location: 2F 0-1: Foul Ball, location: 2F 0-2: Foul Ball, location: 2F 0-2: Ball 1-2: Ball 2-2: Foul Ball, location: 2F 2-2: Foul Ball, location: 2F 2-2: Ball 3-2: Base on Balls
|
Pitching: LHP Takaaki Omori
|
|
Batting: LHB Denny Poole
|
0-0: Ball 1-0: Ball 2-0: Fly out, F7 (Line Drive, 78S)
|
Batting: LHB Dave Watson
|
0-0: Foul Ball, location: 2F 0-1: Foul Ball, location: 2F 0-2: Ball 1-2: Ball 2-2: Strikes out looking
|
Batting: RHB Doug Murray
|
0-0: Foul Ball, location: 2F 0-1: SINGLE (Groundball, 56S) (infield hit) Domingo Romero to second
|
Batting: LHB David Cháves
|
0-0: Ball 1-0: SINGLE (Groundball, 34D) Domingo Romero to third Doug Murray to second Runner from 3rd tries for Home, SAFE, no throw
|
Batting: SHB Charles Alexander
|
0-0: Ball 1-0: Called Strike 1-1: Ball 2-1: Fielders Choice at 2nd, 6-4 (Groundball, 56)
|
Bottom of the 7th over - 1 run(s), 2 hit(s), 0 error(s), 1 left on base; Richmond 7 - Indiana 2 |
TOP OF THE 8TH |
Richmond Flairs batting - Pitching for Indiana Hounds : RHP Teddy Mathews
|
Batting: LHB Luis Villa
|
0-0: Ball 1-0: Ball 2-0: Called Strike 2-1: Ball 3-1: Ground out 5-3 (Groundball, 56S)
|
Batting: RHB Gary Thomas
|
0-0: Called Strike 0-1: Ball 1-1: Ball 2-1: Swinging Strike 2-2: Fly out, F7 (Flyball, 78D)
|
Batting: SHB Carlos Reyes
|
0-0: Foul Ball, location: 2F 0-1: Called Strike 0-2: Ball 1-2: Ball 2-2: Foul Ball, location: 2F 2-2: Ball 3-2: Foul Ball, location: 2F 3-2: Fly out, F8 (Flyball, 8LD)
|
Top of the 8th over - 0 run(s), 0 hit(s), 0 error(s), 0 left on base; Richmond 7 - Indiana 2 |
BOTTOM OF THE 8TH |
Indiana Hounds batting - Pitching for Richmond Flairs : LHP Takaaki Omori
|
Now at C: Tadakuni Sugiyama
|
|
Now in LF: Roland Jones
|
|
Batting: RHB Danny Walker
|
0-0: Ball 1-0: Ball 2-0: Ball 3-0: Called Strike 3-1: Base on Balls
|
Batting: LHB Ramón Benítez
|
0-0: Ball 1-0: Ball 2-0: Grounds into double play, 4-6-3 (Groundball, 4)
|
Batting: LHB Dave Helásquez
|
0-0: Ball 1-0: Called Strike 1-1: Foul Ball, location: 2F 1-2: Strikes out looking
|
Bottom of the 8th over - 0 run(s), 0 hit(s), 0 error(s), 0 left on base; Richmond 7 - Indiana 2 |
TOP OF THE 9TH |
Richmond Flairs batting - Pitching for Indiana Hounds : RHP Teddy Mathews
|
Batting: RHB Freddy Padilla
|
0-0: Ball 1-0: Called Strike 1-1: Foul Ball, location: 2F 1-2: Strikes out swinging
|
Pitching: RHP Barry Mitchell
|
|
Batting: RHB Ray Yates
|
0-0: Called Strike 0-1: Foul Ball, location: 2F 0-2: Foul Ball, location: 2F 0-2: Ball 1-2: Ball 2-2: Ball 3-2: Strikes out looking
|
Batting: RHB Javier Rentería
|
0-0: Ground out 6-3 (Groundball, 6)
|
Top of the 9th over - 0 run(s), 0 hit(s), 0 error(s), 0 left on base; Richmond 7 - Indiana 2 |
BOTTOM OF THE 9TH |
Indiana Hounds batting - Pitching for Richmond Flairs : LHP Takaaki Omori
|
Pitching: RHP Alfonso Rodríguez
|
|
Now at 2B: Maresuke Yoshida
|
|
Batting: RHB Domingo Romero
|
0-0: Ground out 6-3 (Groundball, 6)
|
Batting: LHB Denny Poole
|
0-0: Ball 1-0: Called Strike 1-1: Foul Ball, location: 2F 1-2: Ball 2-2: Strikes out swinging
|
Batting: LHB Dave Watson
|
0-0: Ball 1-0: Ball 2-0: Called Strike 2-1: SINGLE (Flyball, 78S)
|
Batting: RHB Doug Murray
|
0-0: Foul Ball, location: 2F 0-1: Foul Ball, location: 2F 0-2: Ball 1-2: Strikes out swinging
|
Bottom of the 9th over - 0 run(s), 1 hit(s), 0 error(s), 1 left on base; Richmond 7 - Indiana 2 |
|